 Dungeon Crawl Stone Soup version 0.29.0-4-gdea44cf6ec (webtiles) character file.

Game seed: 7394276259186937243

1163 qw the Chopper (level 8, -4/61 HPs)
             Began as a Demonspawn Cinder Acolyte on Sept 8, 2022.
             Was a Believer of Ignis.
             Slain by a shadow (10 damage)
             ... on level 6 of the Dungeon.
             The game lasted 00:01:52 (6695 turns).

qw the Chopper (Demonspawn Cinder Acolyte)          Turns: 6695, Time: 00:01:52

Health: -4/61      AC: 16    Str: 16    XL:     8   Next: 17%
Magic:  9/9        EV: 11    Int: 16    God:    Ignis [**....]
Gold:   288        SH:  4    Dex: 15    Spells: 9/9 levels left

rFire   + . .      SeeInvis .   Y - +3 hand axe
rCold   + . .      Faith    .   c - +0 buckler
rNeg    + . .      Spirit   .   d - +0 chain mail {rN+}
rPois   .          Reflect  .   (helmet restricted)
rElec   .          Harm     .   (no cloak)
rCorr   .          Rampage  .   o - +0 pair of gloves
Will    .....                   (no boots)
Stlth   ..........              (no amulet)
HPRegen 0.20/turn               a - ring of protection from cold
MPRegen 0.11/turn               l - +6 ring of dexterity

@: agile, fiery-armoured
A: hooves 2, horns 1, powered by pain 1
a: Renounce Religion, Fiery Armour, Foxfire Swarm, Rising Flame


You were on level 6 of the Dungeon.
You worshipped Ignis.
Ignis was pleased with you.
You visited 1 branch of the dungeon, and saw 6 of its levels.

You collected 288 gold pieces.


Innate Abilities, Weirdness & Mutations

You have hoof-like feet.
You have a pair of small horns on your head.
You sometimes gain a little power by taking damage.


   Skills:
 - Level 4.6 Fighting
 + Level 7.6 Axes
 - Level 2.3 Armour
 - Level 1.5 Dodging
 - Level 2.2 Shields
 - Level 1.0 Spellcasting
 - Level 2.6 Fire Magic


You had 9 spell levels left.
You didn't know any spells.
Your spell library contained the following spells:

 Spells                   Type           Power      Damage    Failure   Level
 Scorch                   Fire           18%        2d6       95%         2

Inventory:

Hand Weapons
 k - a +0 hand axe of flaming
 Y - a +3 hand axe (weapon)
Armour
 c - a +0 buckler (worn)
 d - a +0 chain mail of positive energy (worn)
 o - a +0 pair of gloves (worn)
Jewellery
 a - a ring of protection from cold (left hand)
 b - a ring of ice
 l - a +6 ring of dexterity (right hand)
Scrolls
 m - a scroll of identify
Potions
 e - 6 potions of curing
 j - a potion of resistance

Dungeon Overview and Level Annotations

Branches:
Dungeon (6/15)             Temple (0/1) D:4

Altars:
Cheibriados
Dithmenos
Fedhas

Shops:
D:2 =


Message History

You slash the centaur!
You kill the centaur!
You start resting.
An ogre is nearby!
6678 ||| Stepping ~*~*~tactically~*~*~ (stealth).
You start resting.
An ogre is nearby!
6680 ||| Stepping ~*~*~tactically~*~*~ (stealth).
The ogre shouts!
You hit the ogre. You kick the ogre, but do no damage.
The ogre is lightly wounded.
A shadow comes into view.
The ogre hits you with a +0 giant club!!
You focus on the pain.
You feel agile all of a sudden.
You hit the ogre. Your headbutt misses the ogre.
The ogre is lightly wounded.
The ogre hits you with a +0 giant club!!
6688 ||| INVOKING Fiery Armour.
A protective cloak of flame settles atop you.
You slash the ogre! You kick the ogre, but do no damage. You headbutt the ogre.
The ogre is severely wounded.
The ogre misses you.
You hit the ogre.
The ogre is severely wounded.
The ogre barely misses you.
You barely miss the ogre.
The ogre is severely wounded.
You hit the ogre. You kick the ogre. Your headbutt misses the ogre.
The ogre is almost dead.
The shadow slips into darkness.
The shadow flickers and vanishes!
Deactivating autopickup; reactivate with Ctrl-A.
The ogre barely misses you.
You slash the ogre!
You kill the ogre!
You swing at nothing.
You hit something.
The shadow strikes at you from the darkness!
You die...

#. ### ##. ....#
..# #.....
..####......
#.........# #
#.........## ...
..###..........##
....
....#..@.........
...#
#....{..)......
## ...#
###.....##.... #.
#..# ##....#...#.
##.
#..#####.......#
##..
#..##........#..
....
#.O.....#......
....
##.####..###....
#..#####..## #..#
.....


There were no monsters in sight!

Vanquished Creatures
  Eustachio (D:5)
  An ice beast (D:6)
  2 ogres
  A centaur (D:6)
  A phantom (D:5)
  A bullfrog (D:6)
  A necrophage (D:4)
  A scorpion (D:6)
  A gnoll sergeant (D:4)
  2 jellies (D:5)
  An orc priest (D:4)
  A hound (D:5)
  Terence (D:2)
  2 iguanas
  2 orc wizards (D:4)
  4 gnolls (D:4)
  3 adders
  2 worms
  A dart slug (D:5)
  An orc (D:4)
  10 endoplasms
  4 giant cockroaches
  4 goblins
  10 hobgoblins
  9 jackals (D:1)
  A quokka (D:2)
  3 ball pythons
  4 bats
  5 frilled lizards
  6 kobolds
  9 rats
95 creatures vanquished.

Notes
Turn   | Place    | Note
-------+----------+-------------------------------------------
     0 | D:1      | qw the Demonspawn Cinder Acolyte began the quest for the
                  | Orb.
     0 | D:1      | Reached XP level 1. HP: 18/18 MP: 2/2
     0 | D:1      | 0 ||| qw: Version: 0.1-a-112-g44dc6cd
     0 | D:1      | 0 ||| qw: Game counter: 6842
     0 | D:1      | 0 ||| qw: Always use a shield: true
     0 | D:1      | 0 ||| qw: God list: Okawaru
     0 | D:1      | 0 ||| qw: Allow faded altars: false
     0 | D:1      | 0 ||| qw: Do Orc after D:15 true
     0 | D:1      | 0 ||| qw: Do second Lair branch before Depths: true
     0 | D:1      | 0 ||| qw: Lair rune preference: random
     0 | D:1      | 0 ||| qw: Plans: Normal
     0 | D:1      | 0 ||| PLANNING D:1-11
    35 | D:1      | Found a faded altar of an unknown god.
    61 | D:1      | 61 ||| INVOKING Fiery Armour.
    62 | D:1      | Reached skill level 3 in Axes
   283 | D:1      | 283 ||| INVOKING Fiery Armour.
   602 | D:1      | 602 ||| Stepping ~*~*~tactically~*~*~ (stealth).
   615 | D:1      | Discovered your monstrous ancestry.
   615 | D:1      | Gained mutation: You have a pair of small horns on your
                  | head. [demonic ancestry]
   615 | D:1      | Reached XP level 2. HP: 18/24 MP: 3/3
   819 | D:1      | 819 ||| Stepping ~*~*~tactically~*~*~ (stealth).
   831 | D:1      | 831 ||| INVOKING Fiery Armour.
  1519 | D:1      | Gained mutation: You sometimes gain a little power by
                  | taking damage. [demonic ancestry]
  1519 | D:1      | Reached XP level 3. HP: 29/29 MP: 4/4
  1617 | D:1      | 1617 ||| UPGRADING to +0 ring mail.
  1627 | D:1      | 1627 ||| DROPPING +0 robe.
  1628 | D:1      | 1628 ||| READING scroll labelled ERIAT WUNOGH.
  1765 | D:1      | 1765 ||| READING scroll labelled ZENAMYGG GEDIRR.
  1766 | D:1      | 1766 ||| READING scroll labelled GUP LETYTURU.
  1767 | D:1      | 1767 ||| READING scroll labelled COAL YRPHALE.
  1768 | D:1      | 1768 ||| DRINKING 2 viscous ruby potions.
  1856 | D:2      | 1856 ||| Stepping ~*~*~tactically~*~*~ (stealth).
  1887 | D:2      | Noticed Terence
  1895 | D:2      | 1895 ||| INVOKING Fiery Armour.
  1898 | D:2      | Killed Terence
  1899 | D:2      | Reached skill level 4 in Axes
  2078 | D:2      | 2078 ||| SWAPPING to +3 hand axe.
  2260 | D:2      | Found Xaodisur's Jewellery Shoppe.
  2264 | D:2      | 2264 ||| SHOPLISTING +6 ring of dexterity (432 gold, have
                  | 133).
  2264 | D:2      | 2264 ||| SHOPLISTING amulet of Ynehimar {Spirit Int+5
                  | Dex+3} (645 gold, have 133).
  2264 | D:2      | 2264 ||| SHOPLISTING amulet of guardian spirit (360 gold,
                  | have 133).
  2264 | D:2      | 2264 ||| SHOPLISTING amulet of regeneration (360 gold, have
                  | 133).
  2264 | D:2      | 2264 ||| SHOPLISTING ring of fire (300 gold, have 133).
  2264 | D:2      | 2264 ||| SHOPLISTING ring of poison resistance (240 gold,
                  | have 133).
  2270 | D:2      | Reached XP level 4. HP: 35/35 MP: 5/5
  2692 | D:2      | 2692 ||| FLEEEEING.
  2693 | D:2      | 2693 ||| FLEEEEING.
  2695 | D:2      | 2695 ||| FLEEEEING.
  2696 | D:2      | 2696 ||| FLEEEEING.
  2697 | D:2      | 2697 ||| FLEEEEING.
  2698 | D:2      | 2698 ||| FLEEEEING.
  2699 | D:2      | 2699 ||| FLEEEEING.
  2770 | D:2      | 2770 ||| UPGRADING to +0 chain mail of positive energy.
  2780 | D:2      | 2780 ||| DROPPING +0 ring mail.
  2781 | D:2      | 2781 ||| UPGRADING to ring of protection from cold.
  2782 | D:2      | 2782 ||| UPGRADING to +6 ring of dexterity.
  2783 | D:2      | 2783 ||| READING scroll labelled LUEDOBBYSI.
  3034 | D:3      | Reached skill level 1 in Armour
  3367 | D:3      | 3367 ||| UPGRADING to +0 pair of gloves.
  3372 | D:3      | 3372 ||| READING scroll labelled OLOT XOOGIYRIM.
  3373 | D:3      | 3373 ||| READING scroll labelled PUARUBRORO.
  3374 | D:3      | 3374 ||| DRINKING 2 metallic puce potions.
  3375 | D:3      | 3375 ||| READING 2 scrolls of identify.
  3375 | D:3      | 3375 ||| IDENTIFYING fizzy yellow potion
  3376 | D:3      | 3376 ||| DROPPING potion of lignification.
  3377 | D:3      | 3377 ||| DROPPING potion of flight.
  3378 | D:3      | 3378 ||| Stepping randomly (stuck).
  3379 | D:3      | 3379 ||| Stepping ~*~*~tactically~*~*~ (cloud).
  3625 | D:4      | Noticed an ogre
  3672 | D:4      | 3672 ||| Stepping ~*~*~tactically~*~*~ (hiding).
  3676 | D:4      | 3676 ||| INVOKING Fiery Armour.
  3678 | D:4      | Reached skill level 1 in Dodging
  3679 | D:4      | Gained mutation: You have large cloven feet. [demonic
                  | ancestry]
  3679 | D:4      | Reached XP level 5. HP: 19/41 MP: 6/6
  3680 | D:4      | Reached skill level 5 in Axes
  3781 | D:4      | 3781 ||| Stepping ~*~*~tactically~*~*~ (stealth).
  4059 | D:4      | Reached XP level 6. HP: 36/47 MP: 7/7
  4194 | D:4      | 4194 ||| INVOKING Fiery Armour.
  4444 | D:4      | Found a staircase to the Ecumenical Temple.
  4490 | D:4      | 4490 ||| Stepping ~*~*~tactically~*~*~ (stealth).
  4808 | D:4      | Found a blossoming altar of Fedhas.
  5012 | D:4      | 5012 ||| UPGRADING to +0 buckler.
  5017 | D:4      | 5017 ||| READING 2 scrolls labelled NYSHRA TAEMYAGI.
  5018 | D:4      | 5018 ||| DRINKING 2 fuming grey potions.
  5019 | D:4      | 5019 ||| READING 4 scrolls of identify.
  5019 | D:4      | 5019 ||| IDENTIFYING green potion
  5020 | D:4      | 5020 ||| READING 3 scrolls of identify.
  5020 | D:4      | 5020 ||| IDENTIFYING coppery potion
  5021 | D:4      | 5021 ||| READING 2 scrolls of identify.
  5021 | D:4      | 5021 ||| IDENTIFYING fizzy amethyst potion
  5022 | D:4      | 5022 ||| DROPPING potion of berserk rage.
  5023 | D:4      | 5023 ||| DROPPING potion of attraction.
  5024 | D:4      | 5024 ||| DROPPING potion of degeneration.
  5025 | D:4      | 5025 ||| DROPPING scroll of blinking.
  5075 | D:5      | Entered Level 5 of the Dungeon
  5085 | D:5      | Reached skill level 1 in Shields
  5202 | D:5      | Reached skill level 6 in Axes
  5303 | D:5      | Gained mutation: You have hoof-like feet. [demonic
                  | ancestry]
  5303 | D:5      | Reached XP level 7. HP: 33/52 MP: 8/8
  5465 | D:5      | 5465 ||| Stepping ~*~*~tactically~*~*~ (hiding).
  5727 | D:5      | 5727 ||| INVOKING Fiery Armour.
  5727 | D:5      | HP: 7/52 [ogre/+0 giant club (10)]
  5728 | D:5      | 5728 ||| DRINKING potion of heal wounds.
  5936 | D:5      | Noticed Eustachio
  5937 | D:5      | Found a snail-covered altar of Cheibriados.
  5962 | D:5      | 5962 ||| INVOKING Fiery Armour.
  5977 | D:5      | HP: 12/53 [iron imp[Eustachio] (7)]
  5982 | D:5      | HP: 6/53 [river rat[Eustachio] (6)]
  5999 | D:5      | Killed Eustachio
  6261 | D:5      | Found a shadowy altar of Dithmenos.
  6401 | D:5      | 6401 ||| READING 2 scrolls of identify.
  6401 | D:5      | 6401 ||| IDENTIFYING silvery potion
  6481 | D:6      | 6481 ||| STAIRDANCE
  6629 | D:6      | Reached skill level 7 in Axes
  6629 | D:6      | Reached XP level 8. HP: 61/61 MP: 9/9
  6678 | D:6      | 6678 ||| Stepping ~*~*~tactically~*~*~ (stealth).
  6680 | D:6      | 6680 ||| Stepping ~*~*~tactically~*~*~ (stealth).
  6687 | D:6      | HP: 4/61 [ogre/+0 giant club (27)]
  6688 | D:6      | 6688 ||| INVOKING Fiery Armour.
  6695 | D:6      | Slain by a shadow

Levels and vault maps discovered:
D:1:      dpeg_arrival_ratfight, layout_loops_ring,
          hellmonk_ecumenical_altar_crossroads
D:2:      layout_loops_ring, serial_shops, shop, kennysheep_doodads,
          uniq_terence
D:3:      layout_basic
D:4:      layout_gridville, nicolae_overflow_hidden_temple,
          minmay_temple_entry_ruins, lightli_minifort
D:5:      layout_cave_pools, mainiacjoe_overflow_catwalk_spiral, uniq_eustachio
D:6:      layout_layer_cave, grunt_temple_overflow_open,
          nicolae_hepliaklqana_monster_ancestors, minmay_bent,
          uniq_crazy_yiuf_cottage

Skill      XL: |  1  2  3  4  5  6  7 |
---------------+----------------------+-----
Axes           | 3 4 5 6 7 |  7.6
Armour         | 1 2 |  2.3
Dodging        | 1 |  1.5
Shields        | 1 2 |  2.2
Fighting       | 4 |  4.6
Spellcasting   | |  1.0
Fire Magic     | |  2.6

Action                   |  1- 3 |  4- 6 |  7- 9 || total
-------------------------+-------+-------+-------++-------
Melee: Hand axe          |   117 |   105 |    80 ||   302
       Headbutt          |     4 |    19 |    11 ||    34
       Kick              |       |    21 |    19 ||    40
Invok: Fiery Armour      |     4 |     2 |     3 ||     9
  Use: Scroll            |     4 |     8 |     1 ||    13
       Potion            |     1 |     2 |     1 ||     4
Armor: Robe              |    20 |       |       ||    20
       Ring mail         |     9 |     4 |       ||    13
       Chain mail        |       |    54 |    53 ||   107
Dodge: Dodged            |    66 |    24 |    39 ||   129
Block: Buckler           |       |     2 |     9 ||    11

Table legend:
 A = Non-vault XP
 B = Vault XP
 C = Vault XP percentage of total XP
 D = Non-vault monster count
 E = Vault monster count
 F = Vault count percentage of total count
                 A         B        C        D         E       F
            +---------+---------+-------+---------+---------+-------
      Total |    1224 |     438 |  26.4 |      82 |      13 |  13.7
            +---------+---------+-------+---------+---------+-------
        D:1 |      40 |       5 |  11.1 |      23 |       5 |  17.9
        D:2 |      21 |      36 |  63.2 |      14 |       1 |   6.7
        D:3 |      41 |       0 |   0.0 |      15 |       0 |   0.0
        D:4 |     284 |     135 |  32.2 |      19 |       5 |  20.8
        D:5 |     386 |     182 |  32.0 |       7 |       1 |  12.5
        D:6 |     452 |      80 |  15.0 |       4 |       1 |  20.0
            +---------+---------+-------+---------+---------+-------
